 Dungeon Crawl Stone Soup version 0.31-a0-625-gc9c7e45f3f (webtiles) character file.

Game seed: 3258841076939285709

56 Descartes the Grasshopper (level 4, 0/33 HPs)
             Began as a Formicid Warper on Aug 24, 2023.
             Slain by an ogre
             ... wielding a +0 giant spiked club
              (33 damage)
             ... on level 3 of the Dungeon.
             The game lasted 00:02:12 (1781 turns).

Descartes the Grasshopper (Formicid Warper)         Turns: 1781, Time: 00:02:13

Health: 0/33       AC:  3    Str: 18    XL:     4   Next: 15%
Magic:  8/8        EV: 11    Int: 12    God:
Gold:   114        SH:  0    Dex: 13    Spells: 8/8 levels left

rFire   . . .        a - +0 hand axe
rCold   . . .        (no shield)
rNeg    . . .        b - +0 leather armour
rPois   .            (helmet unavailable)
rElec   .            (no cloak)
rCorr   .            (no gloves)
SInv    +            (no boots)
Will    .....        (no amulet)
Stlth   +            (no ring)
HPRegen 0.25/turn    (no ring)
MPRegen 0.11/turn

%: no passive effects
@: no status effects
A: permanent stasis, dig shafts and tunnels, antennae 3, four strong arms
a: Dig, Shaft Self


You were on level 3 of the Dungeon.
You visited 1 branch of the dungeon, and saw 3 of its levels.

You collected 114 gold pieces.

Inventory:

Hand Weapons
 a - a +0 hand axe (weapon)
Missiles
 d - 7 darts of dispersal (quivered)
 i - 10 poisoned darts
Armour
 b - a +0 leather armour (worn)
Jewellery
 k - a ring of wizardry
Scrolls
 c - a scroll of blinking
 e - 4 scrolls of identify {unknown}
 g - a scroll of revelation {unknown}
 h - a scroll of fog {unknown}
 j - a scroll of teleportation {unknown}
 o - 2 scrolls of immolation {unknown}
 p - a scroll of poison {unknown}
 q - a scroll of fear {unknown}
 t - a scroll of torment {unknown}
Potions
 f - 3 potions of lignification {unknown}
 l - 2 potions of haste {unknown}
 m - 2 potions of attraction {unknown}
 n - 2 potions of brilliance {unknown}
 r - a potion of resistance {unknown}
 s - a potion of degeneration {unknown}


   Skills:
 - Level 2.1 Fighting
 + Level 2.5 Axes
 - Level 1.0 Throwing
 + Level 2.0 Armour
 - Level 1.7 Dodging
 + Level 1.8 Shields
 + Level 2.6 Spellcasting
 + Level 3.1 Translocations


You had 8 spell levels left.
You didn't know any spells.
Your spell library contained the following spells:

 Spells                   Type           Power      Damage    Failure   Level
 Lesser Beckoning         Tloc           18%        N/A       13%         2
 Teleport Other           Tloc           9%         N/A       26%         3
 Manifold Assault         Tloc           9%         N/A       63%         4
 Blink                    Tloc           Unusable   N/A       N/A         2
 Vhi's Electric Charge    Tloc/Air       Unusable   N/A       N/A         3

Dungeon Overview and Level Annotations

Branches:
Dungeon (3/15)

Altars:


Innate Abilities, Weirdness & Mutations

You cannot be hasted, slowed, berserked, paralysed or teleported.
You can dig through walls and to a lower floor.
You have a pair of large antennae on your head. (SInv)
Your four strong arms can wield two-handed weapons with a shield.


Message History

No target in view!
Magic restored.
i - 10 poisoned darts (gained 5)
You see here a +0 club.
There is a stone staircase leading up here.
There is an open door here.
An ogre comes into view. It is wielding a +0 giant spiked club.
Found a whip.
The ogre completely misses you.
You hit the ogre.
The ogre is lightly wounded.
The ogre hits you with a +0 giant spiked club!!
Ouch! That really hurt!
* * * LOW HITPOINT WARNING * * *
You are too injured to fight recklessly!
You are too injured to fight recklessly!
You are too injured to fight recklessly!
You are too injured to fight recklessly!
You are too injured to fight recklessly!
You are too injured to fight recklessly!
You are too injured to fight recklessly!
You are too injured to fight recklessly!
You are too injured to fight recklessly!
You are too injured to fight recklessly!
You are too injured to fight recklessly!
Unknown command.
There is an open door here.
You can't go up here!
There is a stone staircase leading up here.
You climb upwards.
There is a stone staircase leading down here.
HP restored.
Done exploring.
There is a stone staircase leading down here.
You climb downwards.
There is a stone staircase leading up here.
The ogre shouts!
The ogre hits you with a +0 giant spiked club!!
Ouch! That really hurt!
You die...

#...###.#..........###........#
#...# #....##.....#............#
#.## #....#####..##..#........#
.. #....# #....#..........#
#..>.#####..#.##.........#
#..............##........#
##...#####.............#.##
#.###.........#..#
#@####............ ...........
#O.....#.####...#. ..8...8....
###......#.## #....<
........)..###.......)...###.#.#.
....⌠....###.................####
...........# #............#### {
..8...8..... ###..<......##
............ #.........#
#...8...# #####.####...#


You could see an ogre.

Vanquished Creatures
  An adder (D:3)
  3 orcs (D:3)
  4 ball pythons (D:2)
  3 bats
  2 endoplasms
  A giant cockroach (D:1)
  3 goblins
  5 hobgoblins
  3 quokkas
  A frilled lizard (D:1)
  10 kobolds
  7 rats
43 creatures vanquished.

Notes
Turn   | Place    | Note
-------+----------+-------------------------------------------
     0 | D:1      | Descartes the Formicid Warper began the quest for the Orb.
     0 | D:1      | Reached XP level 1. HP: 16/16 MP: 3/3
   157 | D:1      | Reached XP level 2. HP: 22/22 MP: 5/5
   260 | D:1      | Reached skill level 1 in Shields
   764 | D:2      | Reached XP level 3. HP: 27/27 MP: 6/6
   940 | D:2      | Reached skill level 3 in Translocations
  1492 | D:3      | Reached XP level 4. HP: 25/33 MP: 7/7
  1635 | D:3      | Noticed an ogre
  1781 | D:3      | Slain by an ogre

Illustrated notes

Levels and vault maps discovered:
D:1:      scummos_arrival_checkerplants, layout_basic
D:2:      layout_basic, kennysheep_pointless_box, kennysheep_generic_room_8
D:3:      layout_rooms, mainiacjoe_overflow_two_lobes,
          minmay_overflow_temple_star_hex, minmay_liquid_box

Skill      XL: |  1  2  3 |
---------------+----------+-----
Shields        | 1 |  1.8
Translocations | 3 |  3.1
Armour         | 2 |  2.0
Fighting       | |  2.1
Axes           | |  2.5
Throwing       | |  1.0
Dodging        | |  1.7
Spellcasting   | |  2.6

Action                     |  1- 3 |  4- 6 || total
---------------------------+-------+-------++-------
  Melee: Hand axe          |   132 |     7 ||   139
         Punch             |     1 |       ||     1
 Armour: Leather armour    |    46 |     3 ||    49
  Dodge: Dodged            |   106 |     6 ||   112

Table legend: (Time is in decaauts)
 A = Elapsed time spent in this place.
 B = Non-inter-level travel time spent in this place.
 C = Inter-level travel time spent in this place.
 D = Time resting spent in this place.
 E = Time spent auto-exploring this place.
 F = Levels seen in this place.
 G = Mean time per level.
                   A        B        C        D        E       F      G
               +--------+--------+--------+--------+--------+-----+--------+
         Total |   1811 |   1695 |    116 |      0 |   1330 |   3 |  603.7 |
       Dungeon |   1811 |   1695 |    116 |      0 |   1330 |   3 |  603.7 |
               +--------+--------+--------+--------+--------+-----+--------+

Top non-repeatable levels by time:
     D:2: 786 daAuts
     D:1: 669 daAuts
     D:3: 355 daAuts
